Get step-by-step instructions on how to execute this build order below. Start the game timer, and the build order will tick by so you can play in parallel with StarCraft on a second screen or mobile device.

Game Time

  0:00

Last Step

  N/A

Next Step

  12  0:00  Drone  

Upcoming Step

  13  0:12  Overlord  

Don't want to look back and forth between 2 screens? Try out our Overwolf App, the Spawning Tool Build Advisor to get an in-game overlay with this build!

Complete Build Order

  12  0:00  Drone  
  13  0:12  Overlord  
  13  0:16  Drone  
  14  0:30  Drone x2  
  16  0:46  Drone x2  
  18  0:55  Hatchery  
  17  0:58  Drone  
  17  1:04  Extractor  
  17  1:14  Spawning Pool  
  17  1:17  Drone  
  17  1:21  Drone  
  18  1:30  Drone  
  19  1:39  Drone  
  20  1:49  Overlord  
  20  2:01  Drone  
  20  2:06  Queen x2  
  20  2:07  Drone  
  26  2:11  Zergling x2  
  27  2:18  Zergling x2  
  27  2:22  Drone  
  29  2:24  Metabolic Boost  
  29  2:29  Drone  
  30  2:39  Hatchery  
  30  2:40  Drone x2  
  31  2:48  Zergling x2  
  31  2:50  Overlord  
  32  2:53  Drone  
  33  3:00  Queen  
  33  3:01  Drone  
  36  3:07  Overlord  
  36  3:11  Drone  
  37  3:16  Drone x3  
  37  3:18  Drone  
  41  3:22  Drone  
  41  3:25  Queen  
  44  3:28  Drone  
  44  3:33  Drone  
  46  3:39  Zergling x2  
  47  3:43  Overlord  
  47  3:44  Queen  
  47  3:47  Zergling x4  
  51  3:49  Drone  
  51  3:51  Drone  
  51  3:52  Drone  
  54  3:57  Overlord  
  54  4:06  Drone x3  
  54  4:09  Drone x3  
  60  4:12  Overlord, Lair  
  60  4:13  Drone  
  61  4:17  Drone  
  62  4:24  Spore Crawler, Roach Warren  
  62  4:25  Zergling x4  
  62  4:29  Drone  
  62  4:30  Overlord  
  63  4:37  Drone x6  
  68  4:40  Overlord  
  68  4:43  Spore Crawler  
  67  4:51  Zergling x8  
  71  4:54  Overlord  
  71  4:55  Spore Crawler  
  68  5:00  Drone x3  
  68  5:05  Drone  
  68  5:07  Drone x4  
  68  5:08  Drone x2  
  68  5:10  Drone  
  68  5:12  Glial Reconstitution, Drone  
  75  5:14  Extractor  
  75  5:15  Extractor  
  75  5:16  Overlord  
  75  5:17  Drone  
  75  5:18  Drone  
  75  5:19  Drone  
  76  5:23  Overseer, Evolution Chamber  
  76  5:26  Drone x2  
  77  5:29  Overlord  
  77  5:31  Drone  
  77  5:33  Drone  
  77  5:34  Drone, Extractor  
  77  5:35  Drone  
  80  5:36  Overlord  
  78  5:45  Overlord  
  78  5:46  Drone  
  78  5:47  Drone x6  
  81  5:50  Overlord  
  81  5:53  Zerg Missile Weapons Level 1  
  81  5:57  Drone x2  
  81  6:00  Extractor  
  81  6:01  Extractor  
  81  6:04  Drone  
  81  6:05  Hatchery  
  81  6:08  Roach x4  
  89  6:11  Overlord  
  89  6:16  Infestation Pit, Zergling x2  
  89  6:17  Zergling x6  
  92  6:23  Overlord  
  92  6:25  Roach x4  
  98  6:34  Roach x2  
  98  6:37  Drone  
  98  6:39  Queen  
  105  6:40  Queen x2  
  109  6:47  Overlord  
  109  6:52  Drone x6  
  115  6:55  Overlord  
  115  7:05  Swarm Host x5  
  130  7:11  Swarm Host x4, Overlord  
  130  7:15  Extractor  
  141  7:17  Overlord  
  141  7:19  Swarm Host x2  
  144  7:24  Overlord  
  144  7:29  Roach x3  
  152  7:30  Roach x3  
  152  7:34  Roach x2  
  154  7:39  Queen  
  154  7:42  Swarm Host x2  
  161  7:44  Drone  
  161  7:45  Drone x4  
  161  7:49  Zerg Missile Weapons Level 2  
  166  7:52  Overlord  
  166  7:54  Spine Crawler  
  166  7:55  Spine Crawler  
  166  7:57  Ravager  
  165  8:00  Roach x4  
  173  8:08  Roach x4  
  173  8:11  Overseer  
  179  8:13  Overlord  
  179  8:14  Overseer  
  179  8:16  Roach x3  
  183  8:20  Roach x2  
  183  8:25  Drone x6  
  188  8:32  Ravager x2  
  188  8:33  Roach, Ravager  
  190  8:40  Roach x5  
  198  8:57  Ravager x2  
  200  9:06  Roach x3  
  200  9:09  Hive  
  200  9:10  Roach  
  200  9:11  Roach x2  
  200  9:13  Roach x3  
  200  9:18  Spine Crawler x2  
  200  9:19  Roach x3  
  200  9:20  Spine Crawler x2  
  200  9:21  Roach  
  199  9:24  Drone  
  199  9:25  Baneling Nest, Evolution Chamber  
  199  9:28  Roach x7  
  190  9:37  Roach x4  
  190  9:38  Roach x2  
  199  9:40  Overlord  
  199  9:41  Overlord  
  195  9:52  Overlord  
  195  9:56  Zerg Melee Weapons Level 1  
  195  10:03  Roach x2  
  199  10:11  Roach  
  199  10:17  Roach x3  
  191  10:27  Zergling x22  
  191  10:28  Centrifical Hooks, Zergling x22  
  199  10:35  Overlord  
  195  10:49  Overlord  
  195  10:55  Ravager x3  
  197  10:59  Hatchery  
  197  11:00  Baneling  
  197  11:01  Baneling  
  197  11:02  Adrenal Glands  
  194  11:04  Spire  
  194  11:06  Baneling x3  
  194  11:07  Baneling x5  
  186  11:19  Ravager x2  
  186  11:20  Overseer  
  186  11:22  Drone x2  
  186  11:23  Drone  
  191  11:25  Extractor  
  191  11:26  Zergling x18  
  195  11:51  Baneling x6  
  195  11:55  Baneling x4  
  195  11:56  Baneling x7  
  194  12:13  Zergling x10  
  199  12:26  Baneling x18  
  199  12:28  Zergling x12  
  199  12:58  Extractor  
  199  12:59  Extractor  
  189  13:08  Zergling x46  
  192  13:13  Roach x3, Zergling x4  
  195  13:22  Zergling x10  
  198  13:28  Zergling x14  
  198  13:30  Zergling x18  
  198  13:39  Baneling  
  198  13:40  Baneling x15